 Dungeon Crawl Stone Soup version 0.27-a0-1612-gde56a17b89 (webtiles) character file.

Game seed: 10082225716836007749

108 bande the Shield-Bearer (level 4, -5/43 HPs)
             Began as a Gargoyle Fighter on July 21, 2021.
             Slain by a hornet (8 damage)
             ... on level 4 of the Dungeon.
             The game lasted 00:04:01 (2689 turns).

bande the Shield-Bearer (Gargoyle Fighter)          Turns: 2689, Time: 00:04:02

Health: -5/43      AC: 10    Str: 20    XL:     4   Next: 87%
Magic:  4/4        EV:  7    Int:  8    God:
Gold:   146        SH:  9    Dex: 10    Spells: 3/3 levels left

rFire    . . .     SeeInvis .   a - +1 war axe
rCold    . . .     Faith    .   c - +0 kite shield
rNeg     + . .     Spirit   .   b - +0 scale mail
rPois    ∞         Reflect  .   (no helmet)
rElec    +         Harm     .   (no cloak)
rCorr    .         Rampage  .   (no gloves)
Will     .....                  (no boots)
Stlth    ..........             (no amulet)
HPRegen  0.14/turn              (no ring)
MPRegen  0.09/turn              (no ring)

@: berserking, very quick
A: sickness immunity, AC +3, negative energy resistance 1, electricity
resistance, torment resistance 1, petrification resistance
a: no special abilities


You were on level 4 of the Dungeon.
You visited 1 branch of the dungeon, and saw 4 of its levels.

You collected 146 gold pieces.

Inventory:

Hand Weapons
 a - a +1 war axe (weapon)
Armour
 b - a +0 scale mail (worn)
 c - a +0 kite shield (worn)
Jewellery
 g - a ring of protection from fire
Scrolls
 e - a scroll of teleportation
 h - a scroll of enchant weapon
 j - a scroll of summoning {unknown}
Potions
 d - a potion of might
 f - a potion of degeneration {unknown}
 i - 5 potions of haste
 l - a potion of berserk rage
 m - a potion of curing {unknown}


   Skills:
 + Level 3.7 Fighting
 + Level 2.9 Axes
 + Level 3.8 Armour
 + Level 0.4 Dodging
 + Level 4.3 Shields


You had 3 spell levels left.
You didn't know any spells.
Your spell library was empty.

Dungeon Overview and Level Annotations

Branches:
Dungeon (4/15)
 Temple: D:4-7

Altars:

Annotations:
D:3 1 runed translucent door, Sobieck's ghost, amateur FoEE


Innate Abilities, Weirdness & Mutations

You are immune to sickness and miasma.
Your stone body is resilient. (AC +3)
You are immune to poison.
You resist negative energy. (rN+)
You are resistant to electric shocks. (rElec)
You are resistant to unholy torment.
You are immune to petrification.


Message History

You are too injured to fight recklessly!
You are too injured to fight recklessly!
You are too injured to fight recklessly!
You are too injured to fight recklessly!
You are too injured to fight recklessly!
You are too injured to fight recklessly!
You are too injured to fight recklessly!
Unknown command.
The hornet stings you but does no damage.
You block the hornet's attack. The hornet closely misses you.
The hornet stings you.
* * * LOW HITPOINT WARNING * * *
The hornet stings you.
* * * LOW HITPOINT WARNING * * *
It was a potion of berserk rage.
A red film seems to cover your vision as you go berserk!
You feel yourself moving faster!
You feel mighty! The hornet barely misses you.
You slash the hornet!
The hornet is moderately wounded.
You block the hornet's attack. The hornet stings you!
* * * LOW HITPOINT WARNING * * *
You are too berserk!
You slash the hornet!
The hornet is heavily wounded.
You block the hornet's attack.
The hornet stings you but does no damage.
Your scale mail prevents you from hitting the hornet.
The hornet is heavily wounded.
You slash the goblin!
You kill the goblin!
You block the hornet's attack.
Unknown command.
You hit the hornet.
The hornet is severely wounded.
You block the hornet's attack. The hornet barely misses you.
You miss the hornet.
The hornet is severely wounded.
The hornet stings you!
You die...

#. #.#...............
.### #.#...............
..# #.#.......#.......
#.# #.................
####.###........#........
#..........###..#........
#........................
#.......)y.#.............
#....#.#@###.............
#.####.#.#.#
##......>.....
#.......<#.#
#....#.......
######...#.#
#....#....... ......#.#
#....#....... #.###...#.#
#....#....... ###.#.#
#.#.. #.#


You could see a hornet.

Vanquished Creatures
  4 adders
  3 worms (D:3)
  2 dart slugs
  A ball python (D:3)
  3 endoplasms
  2 giant cockroaches (D:1)
  10 goblins
  6 hobgoblins
  5 kobolds
  4 quokkas
  5 bats
  5 frilled lizards
  5 rats
55 creatures vanquished.

Notes
Turn   | Place    | Note
-------+----------+-------------------------------------------
     0 | D:1      | bande the Gargoyle Fighter began the quest for the Orb.
     0 | D:1      | Reached XP level 1. HP: 14/14 MP: 1/1
   171 | D:1      | Found a faded altar of an unknown god.
   203 | D:1      | Reached XP level 2. HP: 19/19 MP: 2/2
   550 | D:1      | Reached XP level 3. HP: 23/23 MP: 3/3
  1370 | D:2      | Upgraded the game from 0.27-a0-1595-g0b823d0a13 to
                  | 0.27-a0-1612-gde56a17b89
  1382 | D:3      | Found a runed translucent door.
  1382 | D:3      | Noticed a bullfrog
  1389 | D:3      | Reached skill level 4 in Shields
  1552 | D:3      | Reached XP level 4. HP: 28/28 MP: 4/4
  1717 | D:3      | Noticed Sobieck's ghost (amateur FoEE)
  2668 | D:4      | Noticed a hornet
  2689 | D:4      | Slain by a hornet

Illustrated notes

Levels and vault maps discovered:
D:1:      erik_arrival_blinker_ship, layout_basic,
          hellmonk_ecumenical_altar_blasted
D:2:      layout_loops_ring
D:3:      layout_basic, ebering_ghost_sewer_d, glass_columns_b
D:4:      layout_basic, minitemple, kennysheep_mini_moat

Skill      XL: |  1  2  3 |
---------------+----------+-----
Axes           | 2 |  2.9
Shields        | 4 |  4.3
Fighting       | |  3.7
Armour         | |  3.8
Dodging        | |  0.4

Action                   |  1- 3 |  4- 6 || total
-------------------------+-------+-------++-------
Melee: War axe           |    93 |    76 ||   169
  Use: Scroll            |     4 |       ||     4
       Potion            |     2 |     1 ||     3
Armor: Scale mail        |    63 |    41 ||   104
Dodge: Dodged            |    36 |    29 ||    65
Block: Kite shield       |    72 |    45 ||   117

Table legend: (Time is in decaauts)
 A = Elapsed time spent in this place.
 B = Non-inter-level travel time spent in this place.
 C = Inter-level travel time spent in this place.
 D = Time resting spent in this place.
 E = Time spent auto-exploring this place.
 F = Levels seen in this place.
 G = Mean time per level.
                   A        B        C        D        E       F      G
               +--------+--------+--------+--------+--------+-----+--------+
         Total |   2775 |   2775 |      0 |     34 |   2191 |   4 |  693.8 |
       Dungeon |   2775 |   2775 |      0 |     34 |   2191 |   4 |  693.8 |
               +--------+--------+--------+--------+--------+-----+--------+

Top non-repeatable levels by time:
     D:3: 1227 daAuts
     D:1: 726 daAuts
     D:2: 692 daAuts
     D:4: 128 daAuts
